 Dungeon Crawl Stone Soup version 0.30-a0-802-gb92711bcdf (webtiles) character file.

Game seed: 1804447772620886422

58 jasper the Shooter (level 3, 0/23 HPs)
             Began as a Demonspawn Hexslinger on Feb 24, 2023.
             Was a High Priest of Ignis.
             Succumbed to an adder's poison
             ... on level 2 of the Dungeon.
             The game lasted 00:01:53 (1112 turns).

jasper the Shooter (Demonspawn Hexslinger)          Turns: 1112, Time: 00:01:54

Health: 0/23       AC:  5    Str: 10 (13) XL:     3   Next: 75%
Magic:  4/4        EV: 10    Int: 12 (14) God:    Ignis [*****.]
Gold:   85         SH:  4    Dex: 15 (16) Spells: 3/4 levels left

rFire   + . .      SeeInvis .    a - +1 sling
rCold   . . .      Faith    .    (no shield)
rNeg    . . .      Spirit   .    f - +0 ring mail
rPois   .          Reflect  .    (no helmet)
rElec   .          Harm     .    (no cloak)
rCorr   .          Rampage  .    (no gloves)
Will    .....      Rage     3%   (no boots)
Stlth   +                        (no amulet)
HPRegen 0.23/turn                (no ring)
MPRegen 0.09/turn                (no ring)

@: lethally poisoned (0 -> -2)
A: condensation shield, agile 1, berserk 1, frail 1, strong 1
a: Renounce Religion, Fiery Armour, Foxfire Swarm, Rising Flame


You were on level 2 of the Dungeon.
You worshipped Ignis.
Ignis was extremely pleased with you.
You visited 1 branch of the dungeon, and saw 2 of its levels.

You collected 85 gold pieces.

Inventory:

Hand Weapons
 a - a +1 sling (weapon)
Armour
 c - a +0 robe
 f - a +0 ring mail (worn)
Scrolls
 b - a scroll of poison
 d - a scroll of enchant armour {unknown}
 e - 2 scrolls of identify {unknown}
 g - a scroll of fog {unknown}
 h - a scroll of summoning {unknown}


   Skills:
 - Level 1.0 Fighting
 + Level 3.8 Ranged Weapons
 - Level 1.7 Dodging
 - Level 1.0 Spellcasting
 - Level 3.0 Hexes


You had 3 spell levels left.
You knew the following spells:

 Your Spells              Type           Power      Damage    Failure   Level
a - Slow                  Hex            28%        N/A       22%         1

Your spell library contained the following spells:

 Spells                   Type           Power      Damage    Failure   Level
 Inner Flame              Hex/Fire       4%         N/A       77%         3
 Portal Projectile        Hex/Tloc       8%         N/A       77%         3
 Cause Fear               Hex            3%         N/A       92%         4


Dungeon Overview and Level Annotations

Branches:
Dungeon (2/15)

Altars:
Ignis

Shops:
D:2 [


Innate Abilities, Weirdness & Mutations

A meltable shield of frost defends you. (SH +4)
You are agile. (Dex +4, Str/Int -1)
You sometimes lose your temper in combat.
You are frail. (-10% HP)
Your muscles are strong. (Str +4, Int/Dex -1)


Message History

Fire: a) +1 sling
Press: ? - help, Q - select action, (/) - cycle Shift-Dir - straight line, f/p - adder
Aim: an adder (almost dead, 35% to hit)
You shoot a sling bullet.
The sling bullet closely misses the adder.
You feel very sick. The adder bites you.
You are lethally poisoned!
The adder poisons you!
You take 5 damage, and have 11/26 hp.
Fire: a) +1 sling
Press: ? - help, Q - select action, (/) - cycle Shift-Dir - straight line, f/p - adder
Aim: an adder (almost dead, 35% to hit)
You shoot a sling bullet. The sling bullet hits the adder.
You kill the adder!
You feel very sick.
You take 3 damage, and have 8/26 hp.
There is a lethal amount of poison in your body!
There is a lethal amount of poison in your body!
It was a potion of degeneration.
There was something very wrong with that liquid.
You feel weakened.
You feel dopey.
You feel clumsy.
* * * LOW HITPOINT WARNING * * *
You feel sick.
You take 2 damage, and have 6/26 hp.
It was a potion of mutation.
You feel extremely strange.
You feel frail.
You feel a little pissed off.
You feel agile.
You feel stronger.
* * * LOW HITPOINT WARNING * * *
You feel sick.
You take 2 damage, and have 4/23 hp.
* * * LOW HITPOINT WARNING * * *
You feel sick.
You take 2 damage, and have 2/23 hp.
* * * LOW HITPOINT WARNING * * *
You feel sick.
* * * LOW HITPOINT WARNING * * *
You feel sick.
You take 1 damage, and have 1/23 hp.
You die...

#...#.#.#.#.#.....
#...#.#.#.#.#.##..
#...#.#.#.#.#.##..
#...#...#...#.##..
#...#########.##..
#.............##.. .
#.................
....###.................
......)@................
....########............
.. #............
#.......†..#+
#..........#.
#............
#............
####......... #######)..


There were no monsters in sight!

Vanquished Creatures
  An adder (D:2)
  2 worms (D:2)
  5 bats
  6 endoplasms
  4 giant cockroaches (D:1)
  5 goblins
  2 hobgoblins (D:1)
  A quokka (D:1)
  3 ball pythons
  4 frilled lizards
  5 kobolds
  3 rats
41 creatures vanquished.

Notes
Turn   | Place    | Note
-------+----------+-------------------------------------------
     0 | D:1      | jasper the Demonspawn Hexslinger began the quest for the
                  | Orb.
     0 | D:1      | Reached XP level 1. HP: 15/15 MP: 2/2
   169 | D:1      | Gained mutation: A meltable shield of frost defends you.
                  | (SH +4) [demonic ancestry]
   169 | D:1      | Reached XP level 2. HP: 21/21 MP: 3/3
   676 | D:1      | Reached XP level 3. HP: 26/26 MP: 4/4
   676 | D:1      | Found a faded altar of an unknown god.
   686 | D:1      | Prayed at the altar of an unknown god.
   686 | D:1      | Became a worshipper of Ignis, the Dying Flame
   825 | D:2      | Found Luisydag's Antique Armour Emporium.
  1108 | D:2      | Gained mutation: You are frail. (-10% HP) [potion of
                  | mutation]
  1108 | D:2      | Gained mutation: You sometimes lose your temper in combat.
                  | [potion of mutation]
  1108 | D:2      | Gained mutation: You are agile. (Dex +4, Str/Int -1)
                  | [potion of mutation]
  1108 | D:2      | Gained mutation: Your muscles are strong. (Str +4, Int/Dex
                  | -1) [potion of mutation]
  1111 | D:2      | HP: 1/23 [poisoned by an adder]
  1112 | D:2      | Succumbed to an adder's poison

Illustrated notes

Levels and vault maps discovered:
D:1:      saegor_arrival_under_anarchy, layout_basic,
          ebering_ecumenical_altar_box
D:2:      layout_basic, serial_shops, shop, minivault_27

Skill      XL: |  1  2 |
---------------+-------+-----
Ranged Weapons | 2 3 |  3.8
Fighting       | |  1.0
Dodging        | |  1.7
Spellcasting   | |  1.0
Hexes          | |  3.0

Action                     || total
---------------------------++-------
   Fire: Sling             ||   148
   Cast: Slow              ||     2
    Use: Potion            ||     2
 Armour: Robe              ||     7
         Ring mail         ||    32
  Dodge: Dodged            ||    47
  Block: Other             ||    17

Table legend: (Time is in decaauts)
 A = Elapsed time spent in this place.
 B = Non-inter-level travel time spent in this place.
 C = Inter-level travel time spent in this place.
 D = Time resting spent in this place.
 E = Time spent auto-exploring this place.
 F = Levels seen in this place.
 G = Mean time per level.
                   A        B        C        D        E       F      G
               +--------+--------+--------+--------+--------+-----+--------+
         Total |   1161 |   1123 |     38 |      0 |    861 |   2 |  580.5 |
       Dungeon |   1161 |   1123 |     38 |      0 |    861 |   2 |  580.5 |
               +--------+--------+--------+--------+--------+-----+--------+

Top non-repeatable levels by time:
     D:1: 860 daAuts
     D:2: 301 daAuts
